[ AOE2 MATCH · #479118564 ]
Team RMVikings vs Ethiopians
[ REPLAY ANALYSIS · EXTRACTED FROM THE RECORDED GAME ]
Feudal
—
Castle
—
Imperial
—
| APM avg | 46.6 |
| APM peak | 14 |
| eAPM avg | 36.6 |
| Villagers / military | 4 / 0 |
Focus
⚔️ 0.0% · 🌾 100.0%
Feudal
—
Castle
—
Imperial
—
| APM avg | 113.2 |
| APM peak | 34 |
| eAPM avg | 33.3 |
| Villagers / military | 5 / 0 |
Focus
⚔️ 0.0% · 🌾 100.0%
Feudal
—
Castle
—
Imperial
—
| APM avg | 10.0 |
| APM peak | 3 |
| eAPM avg | 10.0 |
| Villagers / military | 0 / 0 |
Feudal
—
Castle
—
Imperial
—
| APM avg | 99.8 |
| APM peak | 30 |
| eAPM avg | 43.3 |
| Villagers / military | 4 / 0 |
Focus
⚔️ 0.0% · 🌾 100.0%
Match map
Initial resources + every placement click. Lines = walls · curves = elevation contours. ◆ gold · ⬟ stone · ● berries · ✦ relic · ◌ wall gap
Your base
Hiroshi's base
msandoval's base
[A]LDEN's base
Smoothed initial terrain · ◌ = detected wall gap · hover for details
Inputs per minute
— j0b1n3 - - Hiroshi
Build order — j0b1n3
7 actions detected in the replay
| 0:01 | Create | Villager (Male) |
| 0:02 | Create | Villager (Male) |
| 0:07 | Build | House |
| 0:08 | Build | House |
| 0:09 | Build | House |
| 0:13 | Create | Villager (Male) |
| 0:13 | Create | Villager (Male) |
Build order — Hiroshi
7 actions detected in the replay
| 0:02 | Build | House |
| 0:04 | Build | House |
| 0:07 | Create | Villager (Male) |
| 0:08 | Create | Villager (Male) |
| 0:08 | Create | Villager (Male) |
| 0:08 | Create | Villager (Male) |
| 0:08 | Create | Villager (Male) |
Build order — msandoval
0 actions detected in the replay
Build order — [A]LDEN
7 actions detected in the replay
| 0:01 | Create | Villager (Male) |
| 0:03 | Build | House |
| 0:06 | Build | House |
| 0:06 | Create | Villager (Male) |
| 0:07 | Create | Villager (Male) |
| 0:07 | Create | Villager (Male) |
| 0:08 | Research | Loom |
Match timeline
| 0:08 | msandoval · resign |
[ AI ANALYSIS · 1 CREDIT ]
What really happened in this match?
Wolo.gg analyzes every decision: build order, eco, micro, common mistakes by bracket. Personalized analysis on WhatsApp or Discord in 30 seconds.
Civ guide
Vikings
Map guide
Arabia
Perfil
j0b1n3